[Event "December 19 Late 2023"]
[Site "https://www.chess.com"]
[Date "2023.12.19"]
[Round "10"]
[White "Kniazev, Igor"]
[Black "Alimpic, Aleksa"]
[Result "0-1"]
[Board "106"]
[TimeControl "180+1"]
[WhiteFideId "4136349"]
[BlackFideId "974323"]
[WhiteElo "1853"]
[BlackElo "2290"]
[WhiteTeam "RUS"]
[BlackTeam "SRB"]
[WhiteClock "0:00:14"]
[BlackClock "0:00:10"]

1. e4 c5 2. f4 d5 3. exd5 Nf6 4. Bb5+ Bd7 5. Bxd7+ Qxd7 6. Nc3 Nxd5 7. Nxd5 Qxd5 8. Qf3 Qxf3 9. Nxf3 Nc6 10. c3 e6 11. O-O Be7 12. Ne5 Rc8 13. d3 f6 14. Nxc6 Rxc6 15. f5 Kf7 16. Be3 Rd8 17. d4 b6 18. Rad1 cxd4 19. Bxd4 e5 20. Be3 Rcd6 21. Rxd6 Rxd6 22. Kf2 g6 23. g4 Rd5 24. c4 Rd8 25. Kf3 Bc5 26. Rc1 Bxe3 27. Kxe3 Rd4 28. c5 bxc5 29. Rxc5 Rxg4 30. Rc7+ Kg8 31. Rc8+ Kg7 32. Rc7+ Kh6 33. fxg6 hxg6 34. Rxa7 Rg2 35. b4 Rxh2 36. b5 Rb2 37. a4 f5 38. Ra6 Rb3+ 39. Kd2 f4 40. b6 e4 41. Kc2 Rb4 42. Kc3 Rb1 43. Kc2 f3 44. Kxb1 f2 45. b7 f1=Q+ 46. Kc2 Qd3+ 47. Kc1 Qc3+ 48. Kb1 Qb3+ 49. Kc1 Qxb7 50. Ra5 Qc7+ 51. Kb2 Qxa5 52. Kb3 g5 53. Kc4 g4 54. Kd4 g3 55. Ke3 g2 56. Kf2 Qd2+ 57. Kg1 Kg5 58. Kh2 Kf4 59. Kh3 Kf3 60. Kh2 Qa5 61. Kg1 Qxa4 62. Kh2 Qe8 63. Kg1 e3 64. Kh2 e2 65. Kh3 e1=B 0-1

[Event "December 19 Late 2023"]
[Site "https://www.chess.com"]
[Date "2023.12.19"]
[Round "10"]
[White "Saim, Mohamed Ilias"]
[Black "Golubenko, Valentina"]
[Result "0-1"]
[Board "107"]
[TimeControl "180+1"]
[WhiteFideId "7900465"]
[BlackFideId "4501993"]
[WhiteElo "2063"]
[BlackElo "2126"]
[WhiteTeam "ALG"]
[BlackTeam "CRO"]
[WhiteClock "0:00:07"]
[BlackClock "0:00:57"]

1. d4 c5 2. d5 e6 3. e4 exd5 4. exd5 d6 5. Nc3 g6 6. Bc4 Bg7 7. Nge2 a6 8. a4 Nd7 9. O-O Ne5 10. Ba2 Ne7 11. Bg5 O-O 12. Qd2 f6 13. Bh6 Nf5 14. Bxg7 Kxg7 15. Nf4 Nd4 16. Rad1 Nef3+ 17. gxf3 Nxf3+ 18. Kg2 Nxd2 19. Rxd2 b5 20. Ne6+ Bxe6 21. dxe6 f5 22. Rfd1 Qg5+ 23. Kh1 Rad8 24. f4 Qh4 25. Nd5 Rfe8 26. Re2 Qg4 27. Rde1 c4 28. Re3 Rc8 29. b3 Rc5 30. bxc4 bxc4 31. Rd1 Qxd1+ 32. Kg2 Rxd5 0-1

[Event "December 19 Late 2023"]
[Site "https://www.chess.com"]
[Date "2023.12.19"]
[Round "10"]
[White "Sabar Ethmane Daouda"]
[Black "Harrington, Steve"]
[Result "1/2-1/2"]
[Board "108"]
[TimeControl "180+1"]
[WhiteFideId "19600097"]
[BlackFideId "2038730"]
[WhiteElo "1950"]
[BlackElo "2157"]
[WhiteTeam "MTN"]
[BlackTeam "USA"]
[WhiteClock "0:00:07"]
[BlackClock "0:00:03"]

1. b3 d5 2. Bb2 Qd6 3. e3 Bf5 4. f4 f6 5. Nf3 c6 6. Be2 Nd7 7. O-O g6 8. d3 Bg7 9. Nh4 Nh6 10. g4 Be6 11. g5 Nf5 12. Nxf5 gxf5 13. Bh5+ Kd8 14. Nd2 Rg8 15. Kh1 fxg5 16. Bxg7 Rxg7 17. fxg5 Rxg5 18. Rg1 Rxg1+ 19. Qxg1 Kc7 20. Qf2 Ne5 21. Rg1 Ng4 22. Qe2 Bd7 23. h3 Nf6 24. Rg7 Rg8 25. Rxg8 Nxg8 26. Qg2 Nf6 27. Be2 Qb4 28. Nf3 Qc3 29. Bf1 Qa1 30. a4 Qc1 31. Qf2 Kd6 32. Kh2 e5 33. Bg2 c5 34. Ng5 f4 35. exf4 Qxf4+ 36. Qxf4 exf4 37. c4 dxc4 38. dxc4 Bc6 39. Bxc6 Kxc6 40. Ne6 Kd6 41. Nxf4 Ke5 42. Kg3 Kd4 43. Ne6+ Kc3 44. Nxc5 Kb4 45. Nxb7 Kxb3 46. c5 Kxa4 47. c6 Nd5 48. Kf3 Kb5 49. Nd8 a5 50. Ke4 Nc7 51. Kd3 Kb6 52. Kc4 Na6 53. h4 Kc7 54. Ne6+ Kxc6 55. Nf8 h6 56. Ne6 a4 57. Nd4+ Kd6 58. Nf5+ Ke6 59. Nxh6 Kf6 60. Ng4+ Kf5 61. Ne3+ Kg6 62. Nc2 Kh5 63. Kb5 Kxh4 64. Kxa6 a3 65. Kb5 a2 66. Na1 Kg4 67. Kb4 Kf3 68. Kb3 Ke4 69. Kb2 Kd5 70. Kxa2 1/2-1/2

[Event "December 19 Late 2023"]
[Site "https://www.chess.com"]
[Date "2023.12.19"]
[Round "10"]
[White "Reinecke, Katharina"]
[Black "Guevara Sanchez, Erick Marvin"]
[Result "0-1"]
[Board "109"]
[TimeControl "180+1"]
[WhiteFideId "12929727"]
[BlackFideId "6700136"]
[WhiteElo "1761"]
[BlackElo "2040"]
[WhiteTeam "GER"]
[BlackTeam "ESA"]
[WhiteClock "0:00:08"]
[BlackClock "0:00:09"]

1. d4 Nf6 2. c4 e6 3. Nf3 d5 4. g3 c5 5. cxd5 exd5 6. Bg2 Nc6 7. O-O Be7 8. dxc5 Bxc5 9. a3 a5 10. b3 O-O 11. Bb2 Be6 12. Nc3 Ne4 13. e3 Qb6 14. Nxd5 Bxd5 15. Qxd5 Nxf2 16. Rxf2 Bxe3 17. Rf1 Rad8 18. Qc4 Rfe8 19. Qc3 f6 20. Qc4+ Kh8 21. h3 a4 22. b4 Bxf2+ 23. Rxf2 Rd1+ 24. Bf1 Ne5 25. Bxe5 fxe5 26. Qc5 Qxc5 27. bxc5 e4 28. Ng5 e3 29. Re2 Rf8 30. Rxe3 Rdxf1+ 31. Kg2 R8f2# 0-1

[Event "December 19 Late 2023"]
[Site "https://www.chess.com"]
[Date "2023.12.19"]
[Round "10"]
[White "Thake, Conrad"]
[Black "Michalski, Olaf"]
[Result "1-0"]
[Board "110"]
[TimeControl "180+1"]
[WhiteFideId "5602947"]
[BlackFideId "1106740"]
[WhiteElo "1662"]
[BlackElo "2105"]
[WhiteTeam "MLT"]
[BlackTeam "POL"]
[WhiteClock "0:01:33"]
[BlackClock "0:01:44"]

1. e4 c5 2. Nf3 a6 3. d4 cxd4 4. Nxd4 Nf6 5. Nc3 e5 6. Nf3 Bb4 7. Bd3 d5 8. O-O Bxc3 9. bxc3 dxe4 10. Nxe5 exd3 11. Re1 O-O 12. cxd3 Re8 13. d4 Nc6 14. Nxc6 bxc6 15. Rxe8+ Qxe8 16. Bg5 Ne4 17. Bd2 Rb8 18. Qc2 Nxd2 19. Qxd2 Bf5 20. Re1 Qd7 21. h3 h6 22. Qf4 Be6 23. Qxb8+ 1-0

[Event "December 19 Late 2023"]
[Site "https://www.chess.com"]
[Date "2023.12.19"]
[Round "10"]
[White "Vargas, Mauricio"]
[Black "Igel2023"]
[Result "0-1"]
[Board "111"]
[TimeControl "180+1"]
[WhiteFideId "4404572"]
[WhiteElo "1982"]
[BlackElo "2209"]
[WhiteTeam "COL"]
[WhiteClock "0:01:19"]
[BlackClock "0:00:56"]

1. e4 e6 2. Nc3 d5 3. d3 Nf6 4. e5 Nfd7 5. f4 c5 6. Nf3 Nc6 7. g4 h5 8. g5 g6 9. Bh3 a6 10. O-O b5 11. Ne2 d4 12. Nh4 Nb6 13. Ng3 Nd5 14. Ne4 Be7 15. Bg2 Bb7 16. Bd2 Qc7 17. a3 O-O-O 18. Qe1 c4 19. dxc4 bxc4 20. Rb1 Ne3 21. Bxe3 dxe3 22. Kh1 Nd4 23. Qxe3 Nf5 24. Qc3 Nxh4 25. Bh3 Bxe4+ 26. Kg1 Bc5+ 27. Rf2 Qb6 28. Rf1 Bxf2+ 29. Rxf2 Rd1+ 30. Bf1 Nf3+ 31. Kg2 Nd2+ 32. Kg3 Nxf1+ 33. Rxf1 h4+ 34. Kg4 Rxf1 35. Qxc4+ Qc6 36. Qxf1 Bf5# 0-1

[Event "December 19 Late 2023"]
[Site "https://www.chess.com"]
[Date "2023.12.19"]
[Round "10"]
[White "Gulamirian, Korun"]
[Black "Oliveira, Tiago Batista"]
[Result "1-0"]
[Board "112"]
[TimeControl "180+1"]
[WhiteFideId "4144899"]
[BlackFideId "2108291"]
[WhiteElo "1621"]
[BlackElo "1962"]
[WhiteTeam "RUS"]
[BlackTeam "BRA"]
[WhiteClock "0:00:21"]
[BlackClock "0:00:00"]

1. e4 e5 2. Nf3 Nc6 3. Bc4 Bc5 4. c3 Nf6 5. d3 d6 6. b4 Bb6 7. h3 h6 8. O-O O-O 9. Be3 Ne7 10. a4 c6 11. a5 Bc7 12. Nbd2 d5 13. exd5 cxd5 14. Ba2 Bf5 15. Bb1 b6 16. d4 e4 17. Nh4 Qd6 18. f4 exf3 19. Ndxf3 Bxh3 20. gxh3 Qg3+ 21. Ng2 Ne4 22. Qe1 Qxh3 23. Bxe4 dxe4 24. Qh4 Qxh4 25. Nfxh4 Nd5 26. Nf5 Nxc3 27. Nf4 Rfe8 28. d5 Bxf4 29. Bxf4 Nxd5 30. Bg3 Nxb4 31. Nd6 Red8 32. Nxe4 Nd5 33. a6 Rac8 34. Nd6 Rc2 35. Rxf7 Rxd6 36. Rxa7 Rg6 37. Ra8+ Kh7 38. a7 Nf4 39. Rh8+ Kxh8 40. a8=Q+ Kh7 41. Qf3 1-0

[Event "December 19 Late 2023"]
[Site "https://www.chess.com"]
[Date "2023.12.19"]
[Round "10"]
[White "Romanchuk, Viktor"]
[Black "Desideri, Ricardo Maruchi"]
[Result "0-1"]
[Board "113"]
[TimeControl "180+1"]
[WhiteFideId "14109271"]
[BlackFideId "2110440"]
[WhiteElo "2242"]
[BlackElo "1945"]
[WhiteTeam "UKR"]
[BlackTeam "BRA"]
[WhiteClock "0:00:00"]
[BlackClock "0:00:02"]

1. d4 Nf6 2. c4 c5 3. Nf3 cxd4 4. Nxd4 b6 5. Nc3 Bb7 6. Bg5 e6 7. Ndb5 d6 8. Bf4 e5 9. Bg5 a6 10. Na3 Be7 11. Bxf6 Bxf6 12. Nd5 Nd7 13. g3 O-O 14. Bg2 Bxd5 15. Bxd5 Rc8 16. O-O Be7 17. Bb7 Rc7 18. Bxa6 Nf6 19. Nb5 Rxc4 20. Nxd6 Rd4 21. Nxf7 Rxf7 22. Qb3 Qd5 23. Qxb6 Bc5 24. Qb3 Qxb3 25. axb3 Rf8 26. Ra5 Bd6 27. Kg2 Ne4 28. Bd3 Nd2 29. Rd1 Nxb3 30. Rb5 Nc5 31. Bc2 Rxd1 32. Bxd1 Rb8 33. Rxb8+ Bxb8 34. b4 Ne4 35. Kf3 Nc3 36. Bb3+ Kf8 37. Ke3 Ke7 38. Kd3 Nb5 39. e3 Nd6 40. Bd5 Kd8 41. f4 exf4 42. gxf4 Ke7 43. e4 g6 44. e5 Nf5 45. Bg8 h6 46. Ke4 Kf8 47. Be6 Ng7 48. Bc8 Ke7 49. Kd5 Nf5 50. Ke4 Ng7 51. Kd5 Nf5 52. Ke4 Nh4 53. b5 Nf5 54. Bxf5 gxf5+ 55. Kxf5 Kf7 56. h4 Ke7 57. h5 Kf7 58. b6 Ke7 59. Kg6 Ke6 0-1

[Event "December 19 Late 2023"]
[Site "https://www.chess.com"]
[Date "2023.12.19"]
[Round "11"]
[White "Nakamura, Hikaru"]
[Black "Maksimovic, Bojan"]
[Result "1-0"]
[Board "1"]
[TimeControl "180+1"]
[WhiteFideId "2016192"]
[BlackFideId "14408120"]
[WhiteElo "2874"]
[BlackElo "2527"]
[WhiteTeam "USA"]
[BlackTeam "BIH"]
[WhiteClock "0:00:07"]
[BlackClock "0:00:01"]

1. e4 a6 2. d4 e6 3. Nf3 d5 4. Nc3 Nf6 5. Bd3 c5 6. e5 Nfd7 7. dxc5 Nc6 8. Bf4 Qc7 9. O-O Bxc5 10. Re1 Bb4 11. Bg3 Bxc3 12. bxc3 Na5 13. Qd2 h6 14. h4 Nc5 15. Bf4 Bd7 16. Be3 Na4 17. Bd4 Rc8 18. Qf4 Nxc3 19. Qg4 Kf8 20. Re3 Nb5 21. Rae1 Nxd4 22. Nxd4 Nc6 23. Rg3 g6 24. Nxc6 Bxc6 25. Ree3 Re8 26. Qd4 Ke7 27. h5 g5 28. Ref3 Kd8 29. Rf6 Re7 30. f4 gxf4 31. Qxf4 Kc8 32. Kh2 Kb8 33. Re3 Rg8 34. Rxh6 f5 35. Rg3 Rxg3 36. Qxg3 Ka7 37. Rg6 Rh7 38. Be2 Be8 39. Rg5 Qe7 40. Bf3 b6 41. Qf4 Bf7 42. Kg3 Be8 43. Kh2 a5 44. Qh4 Rh6 45. Kh3 Bf7 46. Rg7 Qf8 47. Qg5 Ka6 48. Qxh6 1-0

[Event "December 19 Late 2023"]
[Site "https://www.chess.com"]
[Date "2023.12.19"]
[Round "11"]
[White "Niemann, Hans Moke"]
[Black "Ivic, Velimir"]
[Result "1-0"]
[Board "2"]
[TimeControl "180+1"]
[WhiteFideId "2093596"]
[BlackFideId "950122"]
[WhiteElo "2614"]
[BlackElo "2542"]
[WhiteTeam "USA"]
[BlackTeam "SRB"]
[WhiteClock "0:00:12"]
[BlackClock "0:00:01"]

1. e4 c5 2. Nf3 Nc6 3. Bb5 e6 4. Bxc6 bxc6 5. d3 Qc7 6. e5 f6 7. Qe2 fxe5 8. Nxe5 Nf6 9. Bg5 Be7 10. Nd2 d6 11. Nec4 O-O 12. O-O Nd5 13. Bxe7 Qxe7 14. g3 e5 15. f4 Bh3 16. Rf2 Nc7 17. fxe5 d5 18. Rxf8+ Rxf8 19. Nd6 Ne6 20. c3 Qg5 21. Kh1 Bg4 22. Qe1 Qh6 23. h4 g5 24. Qe3 Qh5 25. Rf1 Rxf1+ 26. Nxf1 gxh4 27. Kg1 h3 28. Nh2 Qg6 29. Qf2 h5 30. Nxg4 hxg4 31. Nf5 Kh7 32. Ne3 d4 33. cxd4 cxd4 34. Nf5 Ng5 35. Qf4 Nf3+ 36. Kh1 h2 37. Ne7 Qe6 38. Nf5 Nxe5 39. Nxd4 Qd5+ 40. Qe4+ Qxe4+ 41. dxe4 Nd3 42. Nxc6 Nf2+ 43. Kxh2 Nxe4 44. Nxa7 Kg6 45. b4 Kf5 46. a4 Ke6 47. a5 Kd5 48. a6 Nd6 49. Kg2 Kc4 50. Nc6 Nb5 51. a7 Nc7 52. Kf2 Kb5 53. Ne5 Kxb4 54. Nxg4 Kb5 55. Nf6 Kb6 56. Nd5+ Kxa7 57. Nxc7 1-0

[Event "December 19 Late 2023"]
[Site "https://www.chess.com"]
[Date "2023.12.19"]
[Round "11"]
[White "Bluebaum, Matthias"]
[Black "Makarian, Rudik"]
[Result "1-0"]
[Board "3"]
[TimeControl "180+1"]
[WhiteFideId "24651516"]
[BlackFideId "44105681"]
[WhiteElo "2621"]
[BlackElo "2540"]
[WhiteTeam "GER"]
[BlackTeam "FID"]
[WhiteClock "0:00:29"]
[BlackClock "0:00:00"]

1. d4 Nf6 2. c4 e6 3. Nc3 d5 4. cxd5 exd5 5. Bg5 c6 6. e3 Bf5 7. Nge2 h6 8. Bf4 Nbd7 9. Ng3 Be6 10. h4 Nb6 11. Bd3 Bd6 12. Nge2 O-O 13. Qd2 Re8 14. f3 Rc8 15. g4 Bxf4 16. Nxf4 Nfd7 17. g5 hxg5 18. hxg5 Qxg5 19. O-O-O Nc4 20. Bxc4 dxc4 21. Rdg1 Qa5 22. Qg2 Kf8 23. Nxe6+ Rxe6 24. Rh8+ Ke7 25. Rxc8 Rxe3 26. Qg5+ Qxg5 27. Rxg5 g6 28. Rg3 Kd6 29. f4 Re7 30. Kd2 Nb6 31. Rd8+ Kc7 32. Rf8 Rd7 33. Kc2 Nc8 34. Ne4 Rxd4 35. Rxf7+ Kb6 36. Nd2 Nd6 37. Re7 Nf5 38. Re4 Rxd2+ 39. Kxd2 Nxg3 40. Re6 Kc7 41. Rxg6 Nf5 42. Rg5 Nd6 43. Ke3 b5 44. f5 c5 45. f6 Kc6 46. Rg7 b4 47. f7 Nf5+ 48. Kd2 Nxg7 49. f8=Q Ne6 50. Qe8+ Kd6 51. Qb8+ Kd5 52. Qxa7 Nd4 53. Qd7+ Ke5 54. Qf7 Ne6 55. Ke3 Kd5 56. Qf5+ Kd6 57. Ke4 Nc7 58. Qf6+ Kd7 59. Qf7+ Kc6 60. Qxc4 Nb5 61. Ke5 Nc7 62. a4 Kb6 63. Kd6 Na6 64. Qb5+ Ka7 65. Kc6 c4 66. Qb6+ 1-0

[Event "December 19 Late 2023"]
[Site "https://www.chess.com"]
[Date "2023.12.19"]
[Round "11"]
[White "Keymer, Vincent"]
[Black "Sjugirov, Sanan"]
[Result "0-1"]
[Board "4"]
[TimeControl "180+1"]
[WhiteFideId "12940690"]
[BlackFideId "4189302"]
[WhiteElo "2629"]
[BlackElo "2569"]
[WhiteTeam "GER"]
[BlackTeam "HUN"]
[WhiteClock "0:00:21"]
[BlackClock "0:00:10"]

1. Nf3 d5 2. e3 Nf6 3. c4 e6 4. Nc3 Bd6 5. b3 O-O 6. Bb2 Nc6 7. cxd5 exd5 8. Rc1 Re8 9. Be2 a6 10. O-O Ne7 11. Re1 Ng6 12. Bf1 c6 13. g3 Bf5 14. d3 Qd7 15. Bg2 Rad8 16. Ne2 Qe7 17. Qc2 h5 18. Ned4 Bc8 19. e4 dxe4 20. dxe4 Ne5 21. Nf5 Bxf5 22. exf5 Nxf3+ 23. Bxf3 Qxe1+ 24. Rxe1 Rxe1+ 25. Kg2 Be5 26. Ba3 Bd4 27. Bb4 Ree8 28. h3 c5 29. Bd2 Rd7 30. Bg5 Rc8 31. g4 hxg4 32. hxg4 b5 33. Bf4 c4 34. g5 Nh7 35. f6 Rdd8 36. fxg7 Bxg7 37. bxc4 Rxc4 38. Qf5 Nf8 39. Bh5 Ng6 40. Bg3 Rc6 41. Bf3 Re6 42. Bd5 Ne7 43. Bxe6 Nxf5 44. Bxf5 Rd2 45. a3 Rd5 46. Bc8 a5 47. Bf4 b4 48. axb4 axb4 49. Bb7 Rb5 50. Bc6 Rb6 51. Bd5 b3 52. Be3 b2 53. Bxb6 b1=Q 54. Be3 Qf5 55. Bf3 Be5 56. Bd2 Bf4 57. Bc3 Qxg5+ 58. Kf1 Qb5+ 59. Be2 Qc5 60. Be1 Qc1 61. Bd3 Bd2 62. Kg2 Qxe1 63. Bc4 Bc3 64. Bd5 Bd4 65. Kf3 Qxf2+ 66. Ke4 Qe3+ 67. Kf5 Qe5+ 68. Kg4 Qxd5 69. Kf4 Qe5+ 70. Kg4 Kg7 71. Kf3 Kg6 72. Kg4 Qe4+ 73. Kg3 f5 74. Kh3 Kg5 75. Kg3 Qg4+ 76. Kh2 Kh4 77. Kh1 Qg1# 0-1

[Event "December 19 Late 2023"]
[Site "https://www.chess.com"]
[Date "2023.12.19"]
[Round "11"]
[White "Sarana, Alexey"]
[Black "Kamsky, Gata"]
[Result "1-0"]
[Board "5"]
[TimeControl "180+1"]
[WhiteFideId "24133795"]
[BlackFideId "2000024"]
[WhiteElo "2707"]
[BlackElo "2660"]
[WhiteTeam "SRB"]
[BlackTeam "USA"]
[WhiteClock "0:01:10"]
[BlackClock "0:00:08"]

1. d4 f5 2. c4 Nf6 3. Nc3 e6 4. g3 Bb4 5. Bd2 a5 6. Bg2 O-O 7. e3 Nc6 8. Nge2 Re8 9. O-O Bf8 10. Nf4 e5 11. dxe5 Nxe5 12. b3 c6 13. Qc2 d6 14. Rad1 g6 15. Bc1 Qc7 16. Ba3 Ned7 17. Rd2 Nc5 18. Rfd1 Bd7 19. h3 Rad8 20. Bb2 Nfe4 21. Nxe4 Nxe4 22. Bxe4 fxe4 23. Qc3 Re5 24. c5 Rde8 25. cxd6 Qb6 26. Qc4+ Kg7 27. Bxe5+ Rxe5 28. Qc3 Qc5 29. Qb2 Kf6 30. Nd5+ Ke6 31. Nf4+ Kf6 32. Rd5 cxd5 33. Rxd5 Qxd6 34. Rxd6+ Bxd6 35. Qd4 Ke7 36. a4 Bc6 37. h4 Bc7 38. Qc4 Rf5 39. Qg8 Rf7 40. Qc8 Bd6 41. Qe6+ 1-0

[Event "December 19 Late 2023"]
[Site "https://www.chess.com"]
[Date "2023.12.19"]
[Round "11"]
[White "Rasulov, Vugar"]
[Black "Esipenko, Andrey"]
[Result "0-1"]
[Board "6"]
[TimeControl "180+1"]
[WhiteFideId "13402390"]
[BlackFideId "24175439"]
[WhiteElo "2517"]
[BlackElo "2615"]
[WhiteTeam "AZE"]
[BlackTeam "FID"]
[WhiteClock "0:00:01"]
[BlackClock "0:00:10"]

1. d4 Nf6 2. c4 e6 3. Nf3 b6 4. a3 Bb7 5. Nc3 Ne4 6. Nxe4 Bxe4 7. Bg5 f6 8. Bf4 Nc6 9. e3 g5 10. Bg3 h5 11. h3 Qe7 12. d5 exd5 13. cxd5 Ne5 14. Nxe5 fxe5 15. Rc1 Qd6 16. Be2 Bxg2 17. Rg1 Bxd5 18. Bxh5+ Kd8 19. Bf3 Bxf3 20. Qxf3 c6 21. Ke2 Qe6 22. Qe4 Bg7 23. h4 g4 24. b4 d5 25. Qc2 Kc7 26. Qa4 Kb7 27. b5 cxb5 28. Qxb5 Rac8 29. Rgd1 Rxc1 30. Rxc1 Bf6 31. a4 Bxh4 32. Bxh4 Rxh4 33. a5 a6 34. Qb4 b5 35. Qf8 Rh7 36. Kd2 Rf7 37. Qd8 Rxf2+ 38. Ke1 Rf7 39. Kd2 g3 40. Qg5 d4 41. Qxg3 Qa2+ 42. Rc2 dxe3+ 43. Qxe3 Rd7+ 44. Ke1 Qxc2 45. Qb6+ Ka8 46. Qxa6+ Ra7 47. Qxb5 Qc3+ 48. Ke2 Rxa5 49. Qe8+ Kb7 50. Qd7+ Qc7 51. Qd3 Ra2+ 52. Kd1 Ra6 53. Qd5+ Rc6 54. Qb3+ Qb6 55. Qf7+ Ka6 56. Qa2+ Qa5 57. Qf7 Qb5 58. Qa2+ Kb6 59. Qf2+ Kb7 60. Qf7+ Rc7 61. Qf3+ Ka6 62. Qa3+ Kb6 63. Qe3+ Rc5 64. Qh6+ Ka5 65. Qd2+ Qb4 66. Qa2+ Kb5 67. Qe2+ Qc4 68. Qb2+ Ka4 69. Qa1+ Kb3 70. Qb1+ Ka3 71. Qa1+ Qa2 72. Qc1+ Rxc1+ 73. Kxc1 Qe2 74. Kb1 Qb2# 0-1

[Event "December 19 Late 2023"]
[Site "https://www.chess.com"]
[Date "2023.12.19"]
[Round "11"]
[White "Lazavik, Denis"]
[Black "Deac, Bogdan-Daniel"]
[Result "1/2-1/2"]
[Board "7"]
[TimeControl "180+1"]
[WhiteFideId "13515110"]
[BlackFideId "1226380"]
[WhiteElo "2556"]
[BlackElo "2641"]
[WhiteTeam "BLR"]
[BlackTeam "ROU"]
[WhiteClock "0:00:22"]
[BlackClock "0:00:08"]

1. d4 Nf6 2. c4 e6 3. Nc3 Bb4 4. e3 O-O 5. Bd3 d5 6. cxd5 exd5 7. a3 Bd6 8. Qc2 c6 9. Nge2 Re8 10. Bd2 Nbd7 11. f3 c5 12. O-O a6 13. Rad1 b5 14. dxc5 Nxc5 15. Bf5 Qc7 16. h3 Ne6 17. Be1 Bc5 18. Bh4 Bxe3+ 19. Kh1 g5 20. Bg3 Nf4 21. Nxf4 Bxf4 22. Bf2 Bxf5 23. Qxf5 Qe5 24. Qd3 Be3 25. Bxe3 Qxe3 26. Nxd5 Nxd5 27. Qxd5 Qe5 28. Qd2 Qf6 29. Qf2 Rad8 30. Rc1 Rd6 31. Rc5 h6 32. Qg3 Rd4 33. Rc2 Re6 34. Kh2 Qf4 35. Qxf4 Rxf4 36. Rd1 Rc4 37. Rxc4 bxc4 38. Rc1 Rb6 39. Rxc4 Rxb2 40. Rc6 Kg7 41. Rxa6 Ra2 42. a4 h5 43. h4 gxh4 44. Kh3 f6 45. a5 Kg6 46. Ra8 Ra4 47. a6 Kg7 48. a7 Kh7 49. Kh2 Kg7 50. Kg1 Ra2 51. Kf1 Kh7 52. Ke1 Kg7 53. Kd1 Ra1+ 54. Kc2 Ra2+ 55. Kb3 Ra1 56. Kc4 Rc1+ 57. Kd5 Rd1+ 58. Ke6 Re1+ 59. Kf5 Re5+ 60. Kf4 Ra5 61. Ke4 Ra1 62. f4 Ra4+ 63. Kf3 Ra3+ 64. Kf2 Ra2+ 65. Kg1 Ra1+ 66. Kh2 Ra3 67. f5 Kh7 68. Kg1 Kg7 69. Kf2 Ra1 70. Ke3 Ra3+ 71. Kd4 Ra1 72. Kd5 Rd1+ 73. Kc6 Rc1+ 74. Kd6 Rd1+ 75. Kc7 Rc1+ 76. Kb6 Rb1+ 77. Kc5 Rc1+ 78. Kd4 Rd1+ 79. Kc3 Ra1 80. Kb2 Ra6 81. Kb3 Ra1 82. Kb4 Rb1+ 83. Kc5 Rc1+ 84. Kd6 Rd1+ 85. Ke6 Re1+ 86. Kd6 Rd1+ 1/2-1/2

[Event "December 19 Late 2023"]
[Site "https://www.chess.com"]
[Date "2023.12.19"]
[Round "11"]
[White "Caruana, Fabiano"]
[Black "Szpar, Milosz"]
[Result "1-0"]
[Board "8"]
[TimeControl "180+1"]
[WhiteFideId "2020009"]
[BlackFideId "1184989"]
[WhiteElo "2815"]
[BlackElo "2446"]
[WhiteTeam "USA"]
[BlackTeam "POL"]
[WhiteClock "0:02:25"]
[BlackClock "0:00:18"]

1. c4 e6 2. Nc3 d5 3. d4 Nf6 4. cxd5 exd5 5. Bg5 c6 6. Qc2 h6 7. Bh4 Be6 8. e3 Nbd7 9. Bd3 g5 10. Bg3 Nh5 11. Nge2 Nxg3 12. Nxg3 h5 13. h3 h4 14. Nf5 Rg8 15. f3 a6 16. O-O c5 17. dxc5 Bxc5 18. Kh1 Rc8 19. Rad1 b5 20. Qe2 Kf8 21. f4 Ba7 22. Qh5 Nc5 23. Qh6+ Ke8 24. Ng7+ Ke7 25. f5 Qf8 26. fxe6 Rxg7 27. Nxd5+ Ke8 28. e7 Qg8 29. Nf6+ 1-0

[Event "December 19 Late 2023"]
[Site "https://www.chess.com"]
[Date "2023.12.19"]
[Round "11"]
[White "Duda, Jan-Krzysztof"]
[Black "Tari, Aryan"]
[Result "0-1"]
[Board "9"]
[TimeControl "180+1"]
[WhiteFideId "1170546"]
[BlackFideId "1510045"]
[WhiteElo "2775"]
[BlackElo "2577"]
[WhiteTeam "POL"]
[BlackTeam "NOR"]
[WhiteClock "0:00:00"]
[BlackClock "0:00:28"]

1. e4 e5 2. f4 d5 3. exd5 exf4 4. Nf3 Nf6 5. Bb5+ c6 6. dxc6 Nxc6 7. Nc3 Bd6 8. Qe2+ Be6 9. Nd4 Qd7 10. b3 O-O 11. Nxe6 Rfe8 12. Bc4 Na5 13. Bb5 Nc6 14. Bc4 Na5 15. O-O Nxc4 16. Qxc4 Rxe6 17. Qb5 Qc7 18. Bb2 Ng4 19. Rad1 f3 20. Rxf3 Bxh2+ 21. Kf1 Bg3 22. Rf5 Bh4 23. Qc5 Qg3 24. Kg1 Rae8 25. Qe5 Rxe5 26. Ne4 Rxe4 27. Rf6 Qh2+ 0-1

[Event "December 19 Late 2023"]
[Site "https://www.chess.com"]
[Date "2023.12.19"]
[Round "11"]
[White "Paravyan, David"]
[Black "Pulpan, Jakub"]
[Result "1-0"]
[Board "10"]
[TimeControl "180+1"]
[WhiteFideId "4194985"]
[BlackFideId "302759"]
[WhiteElo "2566"]
[BlackElo "2501"]
[WhiteTeam "FID"]
[BlackTeam "CZE"]
[WhiteClock "0:00:06"]
[BlackClock "0:00:13"]

1. e4 e5 2. Nf3 Nc6 3. Bc4 Nf6 4. d3 Bc5 5. O-O a6 6. Be3 Bxe3 7. fxe3 d6 8. Qe1 Be6 9. Bb3 O-O 10. h3 h6 11. Nc3 d5 12. exd5 Nxd5 13. Ne4 Qe7 14. Rd1 Rad8 15. c4 Nb6 16. Qc3 Nd7 17. d4 exd4 18. exd4 Bxc4 19. Bxc4 Qxe4 20. Rde1 Qg6 21. Nh4 Qg5 22. Nf5 Nf6 23. Re3 Nd5 24. Bxd5 Rxd5 25. Rg3 Rxf5 26. Rxg5 Rxg5 27. Qc4 Rd8 28. Qxf7+ Kh7 29. Qxc7 Rxd4 30. Qxb7 Ne5 31. Qxa6 Rd2 32. Rf2 Nf3+ 33. Rxf3 Rgxg2+ 34. Kf1 Rh2 35. Ke1 Rxb2 36. Qd3+ Kg8 37. Qd8+ Kh7 38. Qd3+ Kg8 39. a4 Ra2 40. Qd5+ Kh7 41. Qe4+ Kg8 42. Qe6+ Kh7 43. Qf5+ Kg8 44. Qf7+ Kh7 45. Qf5+ Kg8 46. Qe6+ Kh7 47. Qe5 Rhb2 48. Qe4+ Kg8 49. Qe8+ Kh7 50. Qe4+ Kg8 51. Rd3 Rh2 52. Rd8+ Kf7 53. Rd7+ Kf6 54. Qf4+ Ke6 55. Qf7+ Ke5 56. Rd5+ Ke4 57. Qf5+ Ke3 58. Rd3# 1-0

[Event "December 19 Late 2023"]
[Site "https://www.chess.com"]
[Date "2023.12.19"]
[Round "11"]
[White "Bortnyk, Olexandr"]
[Black "mightysmasher"]
[Result "1-0"]
[Board "11"]
[TimeControl "180+1"]
[WhiteFideId "14120828"]
[WhiteElo "2731"]
[BlackElo "2593"]
[WhiteTeam "UKR"]
[WhiteClock "0:00:09"]
[BlackClock "0:00:01"]

1. d4 d5 2. Nc3 Nf6 3. Bf4 e6 4. Nb5 Na6 5. e3 c6 6. Nc3 Nc7 7. Nf3 Bd6 8. Ne5 O-O 9. Bd3 c5 10. dxc5 Bxc5 11. Qf3 a6 12. Qh3 b5 13. Bg5 h6 14. Ng4 Be7 15. Bxh6 gxh6 16. Qxh6 Ne4 17. Nxe4 dxe4 18. Nf6+ Bxf6 19. Bxe4 Bc3+ 20. bxc3 f5 21. Qg6+ Kh8 22. Qh6+ Kg8 23. Bxa8 Nxa8 24. Qg6+ Kh8 25. Rd1 Qc7 26. Rd4 Qxc3+ 27. Kd1 f4 28. Re1 Bb7 29. Rd7 Qa1+ 30. Kd2 fxe3+ 31. fxe3 Rf2+ 32. Re2 Rxe2+ 33. Kxe2 Bf3+ 34. gxf3 Qf6 35. Qh7# 1-0

[Event "December 19 Late 2023"]
[Site "https://www.chess.com"]
[Date "2023.12.19"]
[Round "11"]
[White "Martinez Ramirez, Lennis"]
[Black "Khismatullin, Denis"]
[Result "0-1"]
[Board "12"]
[TimeControl "180+1"]
[WhiteFideId "3509079"]
[BlackFideId "4142578"]
[WhiteElo "2405"]
[BlackElo "2552"]
[WhiteTeam "CUB"]
[BlackTeam "RUS"]
[WhiteClock "0:00:00"]
[BlackClock "0:00:04"]

1. d4 Nf6 2. Nf3 e6 3. Bg5 h6 4. Bxf6 Qxf6 5. e4 d5 6. Nc3 Bb4 7. Bd3 dxe4 8. Bxe4 Kf8 9. O-O Nd7 10. Qd3 g6 11. Qc4 Bd6 12. Nb5 Qe7 13. Rfe1 Kg7 14. Rad1 Nf6 15. Bd3 Bd7 16. a4 a6 17. Nc3 Rhd8 18. Ne5 Be8 19. Ne4 b5 20. Qa2 bxa4 21. Nxf6 Qxf6 22. Be4 Rab8 23. Nc6 Bxc6 24. Bxc6 e5 25. dxe5 Bxe5 26. Qxa4 Rxd1 27. Rxd1 Rxb2 28. g3 Bd6 29. Rd3 Bc5 30. Rf3 Rb1+ 31. Kg2 Qe6 32. Be8 f6 33. Rd3 Bd6 34. Bc6 Qe1 35. Kh3 Qe6+ 36. Kg2 Qe1 37. Kh3 Qxf2 38. Bf3 Qf1+ 39. Bg2 Qf5+ 40. g4 Qe5 41. Qd7+ Kf8 42. Qd8+ Kg7 43. Qd7+ Be7 44. Rf3 Re1 0-1